Map: Orbital Shipyard

Players

Corlan - Winner!

  • Race: Terran Terran
  • League: Silver

Janex

  • Race: Zerg Zerg
  • League: Bronze

VOD

Have the link to the VOD?

Description

Time

  • Played on: Feb. 2, 2016, 8:07 a.m.
  • Length: 10:19
Show
View Real Time Build Order
Export as new Build Order

Corlan Terran - Winner!

Build Orders: Reaper Expand, MMM Bio 

Get SALT Encoding   

  12  0:01  SCV  
  13  0:13  SCV  
  14  0:23  Supply Depot  
  14  0:26  SCV  
  15  0:44  SCV  
  15  0:46  Barracks  
  16  0:51  Refinery  
  16  0:56  SCV  
  17  1:02  Supply Depot  
  17  1:10  SCV  
  18  1:22  SCV  
  19  1:36  Reaper  
  19  1:39  Orbital Command  
  20  1:54  Command Center  
  20  2:06  Barracks  
  20  2:11  Barracks Reactor  
  20  2:20  SCV  
  21  2:23  Refinery  
  21  2:34  SCV  
  22  2:43  Factory  
  22  2:48  SCV  
  22  2:49  Marine x2  
  24  3:00  SCV  
  24  3:04  Barracks Tech Lab  
  25  3:06  Orbital Command  
  25  3:09  Marine  
  25  3:12  SCV  
  26  3:34  Marine x2  
  26  3:38  Marauder  
  26  3:39  Stimpack  
  30  3:41  Factory Reactor  
  30  3:45  SCV  
  30  3:48  Starport  
  31  3:52  Marine x2  
  33  3:57  Bunker  
  33  3:59  SCV  
  34  4:06  Refinery  
  34  4:12  SCV  
  34  4:14  Engineering Bay  
  35  4:18  Marine  
  35  4:23  SCV  
  35  4:24  SCV  
  38  4:31  Supply Depot  
  38  4:35  SCV  
  38  4:36  SCV  
  40  4:42  Factory Tech Lab  
  40  4:43  Supply Depot  
  40  4:47  SCV  
  40  4:49  SCV  
  40  4:50  Marine x2  
  44  4:53  Starport Tech Lab  
  44  4:59  Starport, SCV  
  45  5:00  Marine  
  45  5:06  Widow Mine  
  48  5:08  Marine, SCV  
  48  5:09  Supply Depot  
  48  5:10  Marine  
  51  5:15  Cloaking Field  
  51  5:18  Marine  
  52  5:23  Banshee  
  52  5:27  SCV  
  57  5:28  Marine, SCV  
  57  5:29  Marine  
  57  5:32  Supply Depot  
  59  5:36  Marauder  
  59  5:37  Armory  
  59  5:40  SCV  
  62  5:43  Medivac  
  62  5:46  Marine x2  
  66  5:57  Marine, SCV x2  
  67  6:00  Siege Tank  
  72  6:04  Marine x2, Combat Shields  
  72  6:09  SCV  
  75  6:15  Marine  
  76  6:22  Supply Depot, Marine  
  77  6:26  Missile Turret  
  77  6:31  Missile Turret, SCV  
  78  6:41  Supply Depot  
  78  6:42  Supply Depot  
  78  6:43  Banshee, Marine x3, SCV  
  85  6:48  Supply Depot  
  86  6:54  SCV  
  86  7:03  SCV  
  86  7:06  Medivac  
  89  7:11  Supply Depot  
  89  7:24  Marine x3  
  92  7:31  Concussive Shells  
  92  7:33  Supply Depot  
  92  7:37  Terran Infantry Weapons Level 1  
  92  7:41  Marine x2, Refinery  
  92  7:42  Marauder, SCV x2  
  98  7:44  Banshee  
  101  7:52  Medivac  
  103  7:59  Marine x2  
  103  8:04  Marauder, SCV  
  108  8:17  Marine x2  
  110  8:24  Command Center  
  110  8:27  Banshee, Marine  
  114  8:35  Marine x2  
  116  8:45  Marine  
  117  9:02  Marine x2  
  117  9:03  Marine  
  117  9:04  Medivac x2  
  124  9:10  Medivac  
  126  9:22  Marine x2  
  122  9:36  Thor  
Show
View Real Time Build Order
Export as new Build Order

Janex Zerg 

Build Orders: Pool First 

Get SALT Encoding   

  12  0:19  Spawning Pool  
  11  0:22  Drone  
  11  0:27  Drone  
  13  0:31  Drone  
  14  0:41  Overlord  
  14  0:49  Extractor  
  13  0:50  Drone  
  13  0:55  Overlord  
  14  1:06  Drone  
  14  1:10  Queen  
  17  1:19  Drone  
  18  1:27  Drone  
  19  1:39  Drone  
  20  1:49  Drone  
  20  1:53  Hatchery  
  20  2:00  Drone  
  21  2:10  Zergling x2  
  22  2:21  Zergling x6  
  25  2:25  Drone  
  26  2:33  Queen  
  28  2:42  Metabolic Boost  
  28  2:47  Roach Warren  
  28  2:51  Zergling x6  
  29  2:52  Overlord  
  29  2:55  Overlord  
  30  3:07  Zergling x2  
  31  3:16  Zergling x2  
  30  3:45  Drone  
  31  3:49  Roach x5  
  31  3:53  Drone  
  31  3:54  Drone x2  
  44  4:03  Extractor  
  43  4:11  Extractor  
  43  4:15  Extractor  
  43  4:16  Drone x2, Spore Crawler  
  42  4:24  Drone x2  
  42  4:25  Drone  
  42  4:28  Roach x2  
  42  4:30  Lair  
  49  4:40  Drone x2  
  49  4:41  Overlord  
  51  4:48  Overlord  
  51  4:49  Overlord  
  52  5:00  Drone x2  
  53  5:08  Drone  
  53  5:09  Drone x2  
  53  5:11  Drone  
  57  5:17  Drone x3  
  60  5:26  Extractor  
  59  5:36  Hatchery  
  59  5:40  Drone x2  
  59  5:42  Drone  
  61  5:45  Drone  
  62  5:50  Evolution Chamber  
  62  5:55  Evolution Chamber  
  60  6:02  Drone  
  60  6:03  Drone x2  
  63  6:10  Drone x3  
  66  6:18  Drone  
  66  6:19  Drone x3  
  70  6:30  Hydralisk Den  
  70  6:31  Infestation Pit  
  68  6:35  Spire  
  67  6:49  Roach x2  
  67  6:50  Roach x3  
  77  6:55  Drone  
  77  6:56  Roach  
  77  7:00  Drone  
  81  7:04  Overlord x2  
  81  7:10  Overlord  
  81  7:18  Overlord  
  81  7:19  Overlord  
  81  7:21  Queen  
  81  7:22  Overlord  
  83  7:26  Overlord  
  83  7:27  Overlord  
  83  7:33  Drone x3  
  86  7:39  Hydralisk x2  
  86  7:41  Hydralisk  
  92  7:49  Drone  
  93  7:57  Drone  
  94  8:08  Extractor  
  94  8:10  Drone x2  
  95  8:13  Zerg Melee Weapons Level 1  
  95  8:14  Zerg Ground Armor Level 1  
  95  8:17  Muscular Augments  
  95  8:18  Glial Reconstitution  
  95  8:22  Hydralisk x3  
  101  8:29  Drone  
  101  8:30  Drone  
  103  8:37  Pneumatized Carapace  
  103  8:47  Hatchery  
  100  8:53  Overseer x2  
  100  8:54  Overseer x2  
  92  8:56  Hydralisk x2  
  92  8:57  Hydralisk x2  
  90  9:10  Queen  
  90  9:11  Hydralisk x3  
  90  9:12  Hydralisk  
  92  9:34  Drone x3  
  92  9:35  Drone x3  
Tags
 
Add a new tag
Caveats
  • Supply blocks, unpowered buildings, or Contaminate may cause inaccurate times.
  • Supply counts are checked every 10 seconds.